Map: Central Protocol

Players

Grumm

  • Race: Zerg Zerg
  • League: Gold

Minisung - Winner!

  • Race: Protoss Protoss
  • League: Gold

VOD

Have the link to the VOD?

Description

Time

  • Played on: Jan. 27, 2016, 6:53 p.m.
  • Length: 12:48
Show
View Real Time Build Order
Export as new Build Order

Grumm Zerg 

Build Orders: Hatch First 

Get SALT Encoding   

  12  0:10  Drone  
  13  0:35  Hatchery  
  12  0:39  Drone  
  13  0:45  Overlord  
  14  0:50  Drone  
  14  1:07  Spawning Pool  
  13  1:17  Drone x2  
  15  1:21  Extractor  
  15  1:23  Extractor  
  13  1:28  Drone x2  
  15  1:54  Queen  
  15  1:57  Zergling x2  
  15  1:59  Zergling x2  
  19  2:07  Zergling x2  
  20  2:25  Drone x3  
  23  2:41  Drone x4  
  27  2:56  Overlord  
  27  3:02  Lair, Roach Warren  
  24  3:25  Zergling x2  
  24  3:26  Zergling x10  
  30  3:36  Evolution Chamber  
  30  3:40  Evolution Chamber  
  30  3:41  Drone x3  
  31  3:44  Spine Crawler  
  30  3:59  Drone  
  31  4:03  Extractor  
  31  4:07  Metabolic Boost  
  30  4:10  Zerg Melee Weapons Level 1  
  30  4:11  Zerg Ground Armor Level 1  
  30  4:28  Glial Reconstitution  
  30  4:30  Roach x2  
  34  4:31  Overlord  
  34  4:50  Queen  
  36  5:01  Roach x3  
  40  5:38  Roach x2  
  41  6:11  Overlord x3  
  40  6:12  Roach x2  
  43  6:18  Extractor  
  43  6:20  Evolution Chamber  
  41  6:27  Hydralisk Den  
  41  6:31  Roach  
  41  6:32  Roach x6  
  54  7:04  Hatchery  
  54  7:05  Roach x4  
  49  7:40  Zergling x2  
  49  7:41  Zergling x12  
  56  7:59  Roach  
  56  8:00  Roach  
  56  8:05  Zerg Melee Weapons Level 2, Zerg Missile Weapons Level 1  
  51  8:39  Zergling x2  
  51  8:40  Zergling x20  
  58  9:04  Drone x3  
  58  9:05  Drone  
  38  9:57  Hydralisk  
  38  9:58  Hydralisk x4  
  35  10:18  Roach x4  
  43  10:39  Drone  
  43  10:40  Drone x3  
  34  11:04  Zergling x2  
  34  11:05  Zergling x8  
  37  11:20  Hydralisk  
  37  11:22  Zergling x2  
  28  11:38  Zergling x2  
  28  11:39  Zergling x6  
Show
View Real Time Build Order
Export as new Build Order

Minisung Protoss - Winner!

Build Orders: 1 Gate Expand 

Get SALT Encoding   

  12  0:02  Probe (Chrono Boost)  
  13  0:13  Probe (Chrono Boost)  
  14  0:21  Pylon  
  14  0:24  Probe (Chrono Boost)  
  15  0:39  Probe (Chrono Boost)  
  15  0:41  Gateway  
  16  0:44  Assimilator  
  16  0:50  Probe (Chrono Boost)  
  17  1:00  Probe (Chrono Boost)  
  19  1:11  Probe (Chrono Boost)  
  19  1:21  Probe (Chrono Boost)  
  20  1:29  Nexus  
  20  1:32  Probe (Chrono Boost)  
  21  1:43  Cybernetics Core  
  22  1:47  Probe (Chrono Boost)  
  22  1:52  Assimilator  
  23  2:08  Probe (Chrono Boost)  
  23  2:14  Pylon  
  23  2:24  Warp Gate  
  23  2:32  Adept (Chrono Boost), Probe  
  23  2:36  Pylon  
  26  2:42  Gateway  
  26  2:44  Probe  
  26  2:49  Mothership Core  
  28  2:56  Probe, Adept (Chrono Boost)  
  31  3:08  Probe x2  
  33  3:20  Pylon, Probe  
  33  3:23  Pylon, Probe  
  35  3:32  Probe  
  36  3:41  Gateway  
  36  3:43  Gateway  
  36  3:48  Pylon, Probe  
  36  3:49  Probe  
  38  3:57  Pylon  
  38  4:08  Probe  
  38  4:10  Probe  
  40  4:19  Probe  
  40  4:22  Probe  
  42  4:25  Assimilator  
  42  4:27  Gateway  
  42  4:29  Probe  
  42  4:31  Gateway  
  42  4:32  Pylon  
  42  4:34  Probe  
  43  4:40  Probe  
  43  4:41  Gateway  
  44  4:46  Probe  
  45  4:55  Probe  
  46  5:01  Assimilator  
  46  5:11  Adept x4  
  54  5:27  Twilight Council  
  54  5:31  Pylon  
  44  6:15  Probe  
  44  6:16  Probe  
  44  6:23  Stalker x4  
  44  6:25  Adept x2  
  56  6:27  Probe  
  56  6:29  Probe, Charge (Chrono Boost)  
  58  6:38  Gateway  
  58  6:39  Gateway, Probe  
  59  6:45  Gateway  
  59  6:46  Stargate  
  59  6:48  Forge x2  
  59  6:50  Adept x5  
  59  6:51  Adept x2  
  73  7:08  Probe x2  
  75  7:11  Robotics Facility  
  75  7:20  Probe  
  60  7:46  Probe x2  
  60  7:49  Adept x4  
  60  7:50  Adept x3  
  76  7:58  Probe x2  
  78  8:06  Immortal  
  72  8:28  Zealot x2  
  72  8:29  Zealot x4  
  78  8:38  Protoss Ground Weapons Level 1 (Chrono Boost)  
  78  8:39  Protoss Ground Armor Level 1 (Chrono Boost)  
  78  8:42  Phoenix  
  78  8:45  Immortal  
  78  8:55  Zealot x2  
  78  8:56  Zealot x2  
  78  8:57  Zealot  
  86  9:03  Pylon  
  86  9:05  Pylon  
  86  9:14  Pylon  
  86  9:16  Pylon  
  86  9:18  Templar Archives  
  86  9:19  Pylon  
  86  9:20  Phoenix  
  88  9:38  Zealot  
  88  9:39  Zealot x6  
  88  9:40  Zealot  
  77  9:53  Psionic Storm  
  67  10:00  Probe x2  
  68  10:12  Probe x2  
  70  10:22  High Templar x4  
  70  10:23  High Templar x4  
  70  10:24  Probe x2  
  70  10:26  Archon x2  
  70  10:27  Archon x2  
  88  10:36  Probe  
  88  10:37  Probe  
  88  10:49  Probe x2  
  85  11:01  Probe  
  71  11:16  Zealot x4  
  71  11:17  Zealot x2  
  69  11:33  Zealot  
  59  12:03  Assimilator  
  59  12:20  Probe  
Tags
 
Add a new tag
Caveats
  • Supply blocks, unpowered buildings, or Contaminate may cause inaccurate times.
  • Supply counts are checked every 10 seconds.